 Dungeon Crawl Stone Soup version 0.30-a0-242-g7bf8e6d787 (webtiles) character file.

Game seed: 12553902312743958355

201 KennySheep the Changer (level 5, 0/39 HPs)
             Began as a Demigod Transmuter on Oct 12, 2022.
             Hit by a stone thrown by a gnoll sergeant (10 damage)
             ... on level 4 of the Dungeon.
             The game lasted 00:06:43 (2074 turns).

KennySheep the Changer (Demigod Transmuter)         Turns: 2074, Time: 00:06:43

Health: 0/39       AC:  2    Str: 10    XL:     5   Next: 25%
Magic:  8/11       EV: 19    Int: 18    God:
Gold:   180        SH:  0    Dex: 23    Spells: 3/9 levels left

rFire   . . .      SeeInvis .      - Unarmed
rCold   . . .      Faith    .    (shield currently unavailable)
rNeg    . . .      Spirit   .    (body armour currently unavailable)
rPois   x          Reflect  .    (helmet currently unavailable)
rElec   .          Harm     .    (cloak currently unavailable)
rCorr   .          Rampage  .    (gloves currently unavailable)
Will    +....                    (boots currently unavailable)
Stlth   ++........               (no amulet)
HPRegen 0.26/turn                (no ring)
MPRegen 0.12/turn                (no ring)

@: spider-form, hasted, very quick
A: venomous fangs, tiny, high MP 1, forlorn, divine attributes, agile 1,
strong-willed 1
a: End Transformation


You were on level 4 of the Dungeon.
You were a venomous arachnid creature.
You visited 1 branch of the dungeon, and saw 4 of its levels.

You collected 180 gold pieces.

Inventory:

Armour
 a - a +0 robe (melded)
Scrolls
 b - a scroll of identify
 d - a scroll of torment
 f - a scroll of noise
 k - a scroll of enchant weapon
Potions
 e - a potion of flight {unknown}
 g - a potion of mutation
 h - a potion of heal wounds
 j - 2 potions of curing


   Skills:
 - Level 0.8 Fighting
 - Level 1.7 Dodging
 - Level 2.6 Unarmed Combat
 + Level 2.6 Spellcasting
 * Level 3.6 Transmutations
 * Level 2.9 Ice Magic


You had 3 spell levels left.
You knew the following spells:

 Your Spells              Type           Power      Damage    Failure   Level
a - Beastly Appendage     Tmut           30%        N/A       12%         1
b - Wereblood             Tmut           15%        N/A       17%         2
z - Spider Form           Tmut/Pois      8%         N/A       45%         3

Your spell library contained the following spells:

 Spells                   Type           Power      Damage    Failure   Level
 Ice Form                 Ice/Tmut       14%        N/A       63%         4


Dungeon Overview and Level Annotations

Branches:
Dungeon (4/15)
 Temple: D:4-7

Shops:
D:1 =:

Annotations:
D:4 exclusion: necrophage


Innate Abilities, Weirdness & Mutations

You are a venomous arachnid creature.
You have poisonous fangs.
You are tiny and dextrous.
Your spellcasting is less reliable in this form.
Your armour is entirely melded.
You are incapable of wielding weapons or throwing items.
You have an increased reservoir of magic. (+10% MP)
You shall have no god before yourself.
Your divine heritage dramatically boosts your attributes as you level up.
You are agile. (Dex +4, Str/Int -1)
You are strong-willed. (Will+)


Message History

Your transformation has ended.
Your +0 robe unmelds from your body.
The gnoll sergeant barely misses you.
You barely miss the gnoll sergeant.
The gnoll sergeant is lightly wounded.
The gnoll sergeant hits you with a +1 trident of freezing!
The gnoll sergeant freezes you.
Okay, then.
You feel yourself speed up. The gnoll sergeant barely misses you.
The gnoll sergeant hits you from afar with a +1 trident of freezing.
* * * LOW HITPOINT WARNING * * *
The gnoll sergeant freezes you.
* * * LOW HITPOINT WARNING * * *
The gnoll sergeant throws a stone.
The stone barely misses you.
Things that are here:
a +0 club; a +0 ring mail; a +0 flail The orc wizard shouts!
Items here: )) [ †.
Casting: Spider Form (quite dangerous; 24% risk of failure)
Confirm with . or Enter, or press ? or * to list all spells.
The spell is quite dangerous to miscast (24% risk of failure)!
Continue anyway?
You turn into a venomous arachnid creature.
Your +0 robe melds into your body.
The orc wizard barely misses you.
You hit the orc wizard.
The orc wizard is poisoned.
The orc wizard is lightly wounded.
You closely miss the orc wizard.
The orc wizard is lightly wounded.
The orc wizard hits you with a +0 dagger.
* * * LOW HITPOINT WARNING * * *
You barely miss the orc wizard.
The orc wizard is moderately wounded.
The orc wizard misses you.
You barely miss the orc wizard.
The orc wizard is moderately wounded.
You hit the orc wizard.
The orc wizard looks as sick as possible!
The orc wizard is severely wounded.
The orc wizard hits you but does no damage.
The gnoll sergeant throws a stone.
The stone hits you!
You die...

###############
#.............#
#.###.#######.#
########## #.# #.# #.#
#........#######.###[#
#.##
#.###)....g).)soo....#
#...
#........#######..>..#
#.## #####.####
#.....# #... ##.##
#...<.#######.##
##.#.##
#.o.............
##.###.##
###o############ #.##
##g# #.# ##.###.## #o#
##.#.S# ...


You could see a gnoll sergeant (poisoned), an orc wizard (extremely poisoned)
and an orc.

Vanquished Creatures
  2 hounds (D:4)
  A jelly (D:3)
  An orc priest (D:4)
  2 adders
  4 worms
  2 dart slugs
  3 orcs (D:4)
  5 ball pythons
  7 endoplasms
  3 goblins
  6 hobgoblins
  A quokka (D:3)
  3 bats
  2 frilled lizards
  3 kobolds
  3 rats
48 creatures vanquished.

Notes
Turn   | Place    | Note
-------+----------+-------------------------------------------
     0 | D:1      | KennySheep the Demigod Transmuter began the quest for the
                  | Orb.
     0 | D:1      | Reached XP level 1. HP: 15/15 MP: 5/5
    36 | D:1      | Found Jizu's Book Emporium.
   154 | D:1      | Reached skill level 2 in Transmutations
   168 | D:1      | Reached XP level 2. HP: 17/22 MP: 7/7
   251 | D:1      | Reached skill level 1 in Ice Magic
   452 | D:1      | Found Qowkaghy's Jewellery Boutique.
   694 | D:2      | Learned a level 2 spell: Wereblood
   704 | D:2      | Reached XP level 3. HP: 14/27 MP: 8/8
   708 | D:2      | Learned a level 3 spell: Spider Form
  1412 | D:3      | HP: 1/40 [acid (4)]
  1416 | D:3      | Reached XP level 4. HP: 32/34 MP: 7/10
  1448 | D:3      | Gained mutation: You are strong-willed. (Will+) [potion of
                  | mutation]
  1448 | D:3      | Gained mutation: You are agile. (Dex +4, Str/Int -1)
                  | [potion of mutation]
  1484 | D:3      | Reached skill level 3 in Transmutations
  1890 | D:4      | Noticed a necrophage
  1943 | D:4      | HP: 1/34 [orc priest/divine providence (12)]
  1969 | D:4      | Reached XP level 5. HP: 27/39 MP: 11/11
  2074 | D:4      | Hit by a stone thrown by a gnoll sergeant

Illustrated notes

Levels and vault maps discovered:
D:1:      lightli_arrival_boilingwater, layout_rooms, serial_shops,
          nicolae_shop_hallway_plus, nicolae_shop_advertising_works
          [nicolae_subvault_shop_adworks], minmay_tree_intersection,
          nicolae_concentric_dashed_squares_wild
D:2:      layout_basic, basic_ecumenical_altar
D:3:      layout_basic, fedhas_altar_2
D:4:      layout_loops_corners, grunt_temple_overflow_order_and_chaos_1,
          lemuel_mausoleum_altar_yredelemnul,
          nicolae_uskayaw_murder_on_the_dancefloor, gammafunk_ghost_cemetery,
          minmay_manual_mail

Skill      XL: |  1  2  3  4 |
---------------+-------------+-----
Transmutations | 2 3 |  3.6
Ice Magic      | 1 2 |  2.9
Spellcasting   | 2 |  2.6
Fighting       | |  0.8
Dodging        | |  1.7
Unarmed Combat | |  2.6

Action                   |  1- 3 |  4- 6 || total
-------------------------+-------+-------++-------
Melee: Unarmed           |    99 |    63 ||   162
       Headbutt          |    12 |     6 ||    18
       Kick              |    15 |    11 ||    26
       Punch             |     3 |     3 ||     6
 Cast: Beastly Appendage |    14 |     6 ||    20
       Spider Form       |       |     3 ||     3
  Use: Potion            |     2 |     5 ||     7
       Scroll            |       |     3 ||     3
 Stab: Sleeping          |     3 |     2 ||     5
Armor: Robe              |    17 |     3 ||    20
       Skin              |     4 |     1 ||     5
Dodge: Dodged            |    52 |    38 ||    90

Table legend: (Time is in decaauts)
 A = Elapsed time spent in this place.
 B = Non-inter-level travel time spent in this place.
 C = Inter-level travel time spent in this place.
 D = Time resting spent in this place.
 E = Time spent auto-exploring this place.
 F = Levels seen in this place.
 G = Mean time per level.
                   A        B        C        D        E       F      G
               +--------+--------+--------+--------+--------+-----+--------+
         Total |   2042 |   1993 |     49 |    115 |   1485 |   4 |  510.5 |
       Dungeon |   2042 |   1993 |     49 |    115 |   1485 |   4 |  510.5 |
               +--------+--------+--------+--------+--------+-----+--------+

Top non-repeatable levels by time:
     D:1: 643 daAuts
     D:2: 590 daAuts
     D:3: 561 daAuts
     D:4: 247 daAuts
